 Dungeon Crawl Stone Soup version 0.31-a0-182-gc5ef74bbde (webtiles) character file.

Game seed: 9431474204886873380

6401 frimble the Basher (level 10, -1/68 HPs)
             Began as an Octopode Warper on June 21, 2023.
             Was a Believer of Cheibriados.
             Slain by a killer bee (9 damage)
             ... on level 9 of the Dungeon.
             The game lasted 00:13:22 (9570 turns).

frimble the Basher (Octopode Warper)                Turns: 9570, Time: 00:13:22

Health: -1/68      AC:  1    Str: 25    XL:     10   Next: 98%
Magic:  0/16       EV: 13    Int: 27    God:    Cheibriados [**....]
Gold:   699        SH: 12    Dex: 17    Spells: 16/18 levels left

rFire   + . .        A - +2 whip (elec)
rCold   . . .        c - +1 kite shield
rNeg    + . .        (helmet restricted)
rPois   +            f - amulet of guardian spirit
rElec   .            m - +6 ring of strength
rCorr   .            d - ring of protection from fire
SInv    .            i - ring of poison resistance
Will    .....        x - +6 ring of intelligence
Stlth   +++          e - ring of positive energy
HPRegen 0.31/turn    (no ring)
MPRegen 0.15/turn    (no ring)
                     (no ring)

%: guardian spirit
@: on blink cooldown, very slow
A: almost no armour, amphibious, 8 rings, camouflage 1, gelatinous body 1,
(nimble swimmer 1), tentacles
a: Renounce Religion, Bend Time


You were on level 9 of the Dungeon.
You worshipped Cheibriados.
Cheibriados was pleased with you.
You visited 2 branches of the dungeon, and saw 10 of its levels.

You collected 699 gold pieces.

Inventory:

Hand Weapons
 A - a +2 whip of electrocution (weapon)
Missiles
 b - 7 boomerangs of dispersal
 k - 5 javelins (quivered)
 q - 20 poisoned darts
 s - 2 boomerangs
 y - a throwing net
Armour
 c - a +1 kite shield (worn)
Jewellery
 a - an amulet of the acrobat
 d - a ring of protection from fire (right tentacle)
 e - a ring of positive energy (on tentacle)
 f - an amulet of guardian spirit (around mantle)
 i - a ring of poison resistance (on tentacle)
 m - a +6 ring of strength (left tentacle)
 x - a +6 ring of intelligence (on tentacle)
Wands
 o - a wand of acid (3)
 t - a wand of charming (5)
Scrolls
 n - a scroll of identify
 r - a scroll of immolation
 u - 2 scrolls of teleportation
 w - a scroll of amnesia
 C - a scroll of vulnerability {unknown}
Potions
 g - 2 potions of mutation
 h - 3 potions of enlightenment
 j - 2 potions of resistance
 l - 5 potions of curing
 p - a potion of heal wounds
 v - a potion of berserk rage {unknown}
 z - a potion of lignification
 B - a potion of magic {unknown}


   Skills:
 - Level 6.0 Fighting
 + Level 9.2 Maces & Flails
 - Level 1.0 Throwing
 - Level 2.3 Dodging
 + Level 8.3 Shields
 - Level 3.3 Unarmed Combat
 + Level 4.5 Spellcasting
 - Level 6.0 Translocations
 - Level 5.0 Evocations


You had 16 spell levels left.
You knew the following spells:

 Your Spells              Type           Power      Damage    Failure   Level
a - Blink                 Tloc           76%        N/A       1%          2

Your spell library contained the following spells:

 Spells                   Type           Power      Damage    Failure   Level
 Lesser Beckoning         Tloc           76%        N/A       1%          2
 Teleport Other           Tloc           38%        N/A       3%          3
 Vhi's Electric Charge    Tloc/Air       44%        N/A       12%         3
 Manifold Assault         Tloc           38%        N/A       12%         4
 Slow                     Hex            24%        N/A       14%         1
 Cigotuvi's Dreadful Rot  Necr/Pois/Air  12%        N/A       21%         2
 Poisonous Vapours        Pois/Air       12%        N/A       21%         2
 Scorch                   Fire           12%        2d5       21%         2
 Sublimation of Blood     Necr           6%         N/A       21%         2
 Confusing Touch          Hex            6%         N/A       38%         3
 Mephitic Cloud           Conj/Pois/Air  6%         N/A       38%         3
 Dispel Undead            Necr           6%         3d8       80%         4
 Flame Wave               Conj/Fire      6%         2d5       80%         4
 Petrify                  Tmut/Erth      6%         N/A       80%         4
 Sticky Flame             Conj/Fire      6%         2d3       80%         4
 Blade Hands              Tmut           3%         N/A       98%         5
 Freezing Cloud           Conj/Ice/Air   3%         6-21      98%         5
 Irradiate                Conj/Tmut      3%         3d12      98%         5
 Death Channel            Necr           3%         N/A       100%        6
 Summon Cactus Giant      Summ           3%         N/A       100%        6
 Dragon Form              Tmut           3%         N/A       100%        7
 Fire Storm               Conj/Fire      3%         8d1       100%        9


Dungeon Overview and Level Annotations

Branches:
Dungeon (9/15)             Temple (1/1) D:6            Lair (0/5) D:9
    Orc (0/2) D:9

Altars:
Ashenzari
Cheibriados
Dithmenos
Elyvilon
Gozag
Hepliaklqana
Kikubaaqudgha
Makhleb
Nemelex Xobeh
Okawaru
Ru
Trog
Uskayaw
Vehumet
Wu Jian
Zin
The Shining One


Innate Abilities, Weirdness & Mutations

You cannot wear most types of armour.
You are amphibious.
You can wear up to eight rings at the same time.
Your skin changes colour to match your surroundings (Stealth+).
Your rubbery body absorbs attacks. (AC +1, EV +1)
((You are camouflaged when in or above water. (Stealth+)))
You have tentacles for arms and can constrict up to eight enemies at once.


Message History

Lightning courses through the killer bee!
Your grab misses the killer bee.
The killer bee is almost dead.
You feel sick. The killer bee closely misses you.
You block the killer bee's attack. The killer bee stings you.
The orc priest calls down the wrath of Beogh upon you.
Beogh smites you! You block the killer bee's attack.
The killer bee barely misses you. You block the killer bee's attack.
The killer bee closely misses you.
You hear a shout!
The killer bee attacks as you move away!
The killer bee stings you.
You are more poisoned.
The killer bee poisons you!
You feel sick. The killer bee stings you! The killer bee stings you.
The killer bee stings you!
The orc priest looks braver for a moment.
You block the killer bee's attack. The killer bee misses you.
The killer bee stings you.
You feel sick. The killer bee stings you!
* * * LOW HITPOINT WARNING * * *
The killer bee closely misses you. The killer bee stings you!
* * * LOW HITPOINT WARNING * * *
You block the killer bee's attack. x2
Okay, then.
Okay, then.
Unknown command.
Casting: Blink (safe; 1% risk of failure)
Confirm with . or Enter, or press ? or * to list all spells.
You blink.
An orc comes into view. It is wielding a +0 dagger.
The orc wizard casts a spell at you. The puff of flame misses you.
The killer bee stings you!
* * * LOW HITPOINT WARNING * * *
Okay, then.
You feel better. You block the killer bee's attack.
The killer bee barely misses you. The killer bee closely misses you.
The orc wizard hits you with a +0 dagger.
* * * LOW HITPOINT WARNING * * *
You block the killer bee's attack. The killer bee stings you!
You die...

...#'#......# ######
.>..........# .....#
....W.......# .....#..
..........# .....#..
.....o...## .....#.#
#....o... .....#.# #..oo.#
.....#.# #.y@y.# .....#.#
##.yyo.# ####.#.# #......+
...#.'.##+###.....ยง#+####
...###......[.............
..................######+#
......#######.....#
......# #.....# ......#
#.....#


You could see an orc warrior, a phantom, 4 killer bees, an orc priest, an orc
wizard and 2 orcs.

Vanquished Creatures
  Joseph (D:7)
  Maggie (D:8)
  A troll (D:8)
  A hornet (D:8)
  A shadow (D:6)
  6 yaks (D:8)
  Eustachio (D:4)
  A steam dragon (D:9)
  Edmund (D:5)
  Menkaure (D:7)
  A water moccasin (D:8)
  Duvessa (D:4)
  An ice beast (D:7)
  2 orc warriors (D:6)
  5 sky beasts
  2 ogres
  2 phantoms (D:9)
  A kobold brigand (D:8)
  3 bullfrogs
  Dowan (D:4)
  11 wights
  12 killer bees
  3 howler monkeys
  5 hounds
  5 orc priests
  5 jellies
  2 iguanas
  A sleepcap (D:5)
  7 orc wizards
  3 ogre zombies (D:9)
  6 adders
  8 gnolls
  2 shadow imps
  A white imp (D:6)
  4 ufetubi
  2 worms
  5 dart slugs
  18 orcs
  11 ball pythons
  11 endoplasms
  6 giant cockroaches
  3 hobgoblins
  16 kobolds
  3 quokkas
  3 bats
  4 frilled lizards
  8 goblins
  A goblin skeleton (D:9)
  4 goblin zombies (D:9)
  A hobgoblin skeleton (D:9)
  4 orc skeletons (D:9)
  8 orc zombies (D:9)
  4 rats
221 creatures vanquished.

Vanquished Creatures (collateral kills)
  2 gnolls (D:8)
2 creatures vanquished.

Vanquished Creatures (others)
  A gnoll sergeant (D:8)
1 creature vanquished.

Grand Total: 224 creatures vanquished

Notes
Turn   | Place    | Note
-------+----------+-------------------------------------------
     0 | D:1      | frimble the Octopode Warper began the quest for the Orb.
     0 | D:1      | Reached XP level 1. HP: 14/14 MP: 3/3
   191 | D:1      | Reached XP level 2. HP: 19/19 MP: 5/5
   194 | D:1      | Reached skill level 1 in Shields
   400 | D:1      | Reached XP level 3. HP: 24/24 MP: 6/6
  1415 | D:2      | Reached XP level 4. HP: 26/29 MP: 7/7
  2239 | D:3      | Reached skill level 1 in Maces & Flails
  2370 | D:3      | Reached XP level 5. HP: 35/35 MP: 8/8
  2420 | D:3      | HP: 1/35 [orc priest/+0 dagger (4)]
  2572 | D:3      | Found an ornate altar of the Wu Jian Council.
  2572 | D:3      | Found a sacrificial altar of Ru.
  2871 | D:4      | Reached skill level 2 in Maces & Flails
  2950 | D:4      | Learned a level 2 spell: Blink
  3174 | D:4      | Noticed Dowan
  3176 | D:4      | Noticed Duvessa
  3181 | D:4      | Reached XP level 6. HP: 36/42 MP: 9/9
  3184 | D:4      | Killed Duvessa
  3185 | D:4      | Reached skill level 3 in Maces & Flails
  3187 | D:4      | Noticed Eustachio
  3191 | D:4      | Killed Dowan
  3194 | D:4      | Killed Eustachio
  3195 | D:4      | Reached skill level 4 in Maces & Flails
  3195 | D:4      | Reached XP level 7. HP: 35/47 MP: 10/10
  3501 | D:4      | Found a shadowy altar of Dithmenos.
  3933 | D:5      | Entered Level 5 of the Dungeon
  3988 | D:5      | Reached skill level 5 in Maces & Flails
  4069 | D:5      | Reached XP level 8. HP: 49/54 MP: 11/11
  4084 | D:5      | Found a burning altar of Makhleb.
  4247 | D:5      | Noticed Edmund
  4252 | D:5      | Killed Edmund
  4377 | D:5      | Reached skill level 5 in Shields
  4689 | D:6      | Found a staircase to the Ecumenical Temple.
  4694 | D:6      | Noticed a shadow
  4699 | D:6      | Killed a shadow
  4700 | D:6      | Reached skill level 5 in Fighting
  4700 | D:6      | Reached skill level 6 in Maces & Flails
  5002 | D:7      | Noticed Joseph
  5009 | D:7      | Killed Joseph
  5010 | D:7      | Reached skill level 7 in Maces & Flails
  5010 | D:7      | Reached XP level 9. HP: 36/62 MP: 6/12
  5357 | D:7      | HP: 3/62 [sky beast (5)]
  5892 | D:7      | Found an opulent altar of Gozag.
  6437 | D:7      | Noticed Menkaure
  6444 | D:7      | Killed Menkaure
  6735 | D:6      | Reached skill level 5 in Evocations
  6867 | D:6      | Found a hide-covered altar of Uskayaw.
  6871 | D:6      | Reached skill level 8 in Maces & Flails
  6982 | D:6      | Reached XP level 10. HP: 53/68 MP: 10/13
  6985 | Temple   | Entered the Ecumenical Temple
  7041 | Temple   | Became a worshipper of Cheibriados the Contemplative
  7596 | D:8      | Reached skill level 5 in Translocations
  7975 | D:9      | Found a staircase to the Orcish Mines.
  8028 | D:9      | Reached * piety under Cheibriados
  8329 | D:8      | Found a hazy altar of Hepliaklqana.
  8599 | D:8      | Noticed Maggie
  8605 | D:8      | Killed Maggie
  8867 | D:4      | Reached skill level 9 in Maces & Flails
  8970 | D:8      | Found an ancient bone altar of Kikubaaqudgha.
  8979 | D:8      | Got the Verses on Captivating Embers
  9162 | D:9      | Reached ** piety under Cheibriados
  9217 | D:9      | Found a staircase to the Lair.
  9569 | D:9      | HP: 2/68 [killer bee (7)]
  9570 | D:9      | Slain by a killer bee

Illustrated notes

Levels and vault maps discovered:
D:1:      amcnicky_arrival_choice, layout_loops_corners
D:2:      layout_loops_cross
D:3:      layout_basic, gammafunk_temple_overflow_pools, serial_bayou_pond_c,
          minmay_cut_off
D:4:      layout_loops_ring, mainiacjoe_overflow_brackets,
          minmay_misc_feat_ornament, uniq_duvessa, uniq_eustachio
D:5:      layout_loops_ring, lemuel_round_altar, minmay_statues_item,
          st_stairs_3, uniq_edmund
D:6:      layout_cave_pools, nicolae_uskayaw_murder_on_the_dancefloor,
          minmay_temple_entry_drinking_statues, hex_large
D:7:      layout_loops_corners, nicolae_gozag_seed_capital, uniq_joseph,
          uniq_menkaure
D:8:      statuecave_lemuel, layout_gridville, kiku_gazebo_pond_becter,
          nzn_hepliaklqana_mist_gate, uniq_maggie
D:9:      minmay_the_grid_triangle_9x9_recursive_2_mashed
          [minmay_the_grid_triangle_9x9_prize_center,
          minmay_the_grid_triangle_9x9_wacky_v,
          minmay_the_grid_triangle_9x9_corruption,
          minmay_the_grid_triangle_9x9_odd_lines], layout_irregular_city,
          lair_entry_dummy, zombieorc1_lemuel
Temple:   nicolae_temple_bog_church

Skill      XL: |  1  2  3  4  5  6  7  8  9 10 |
---------------+-------------------------------+-----
Shields        | 1 2 3 4 5 7 8 |  8.3
Unarmed Combat | 3 |  3.3
Maces & Flails | 1 2 4 5 7 8 9 |  9.2
Fighting       | 3 4 5 6 |  6.0
Evocations     | 2 5 |  5.0
Translocations | 4 6 |  6.0
Spellcasting   | 4 |  4.5
Throwing       | |  1.0
Dodging        | |  2.3

Action                     |  1- 3 |  4- 6 |  7- 9 | 10-12 || total
---------------------------+-------+-------+-------+-------++-------
  Melee: Unarmed           |    95 |    15 |       |       ||   110
         Constrict         |    20 |    23 |    46 |    34 ||   123
         Tentacles         |    21 |    24 |    56 |    54 ||   155
         Punch             |     1 |       |    10 |    11 ||    22
         Whip              |       |    81 |   249 |   205 ||   535
  Throw: Javelin           |       |       |    10 |     4 ||    14
   Cast: Blink             |       |       |     1 |     5 ||     6
  Evoke: Wand              |       |       |     6 |     4 ||    10
    Use: Scroll            |       |     5 |     6 |     2 ||    13
         Potion            |       |     8 |     3 |     1 ||    12
   Stab: Sleeping          |     6 |     5 |     5 |     8 ||    24
 Armour: Skin              |     8 |     3 |    10 |     2 ||    23
  Dodge: Dodged            |    43 |    29 |    60 |    75 ||   207
  Block: Kite shield       |    38 |    31 |    92 |    81 ||   242

Table legend: (Time is in decaauts)
 A = Elapsed time spent in this place.
 B = Non-inter-level travel time spent in this place.
 C = Inter-level travel time spent in this place.
 D = Time resting spent in this place.
 E = Time spent auto-exploring this place.
 F = Levels seen in this place.
 G = Mean time per level.
                   A        B        C        D        E       F      G
               +--------+--------+--------+--------+--------+-----+--------+
         Total |  10090 |   9416 |    674 |     65 |   7502 |  10 | 1009.0 |
       Dungeon |  10026 |   9366 |    660 |     65 |   7456 |   9 | 1114.0 |
        Temple |     64 |     50 |     14 |      0 |     46 |   1 |   64.0 |
               +--------+--------+--------+--------+--------+-----+--------+

Top non-repeatable levels by time:
     D:7: 1966 daAuts
     D:8: 1629 daAuts
     D:1: 1214 daAuts
     D:4: 1134 daAuts
     D:3: 947 daAuts
     D:5: 878 daAuts
     D:9: 859 daAuts
     D:2: 703 daAuts
     D:6: 692 daAuts
  Temple: 64 daAuts
